 Dungeon Crawl Stone Soup version 0.19-a0-644-gd04d753 (webtiles) character file.

147 Skanax the Conjurer (level 5, -5/38 HPs)
             Began as a Draconian Conjurer on June 14, 2016.
             Shot with an arrow by a centaur (12 damage)
             ... on level 3 of the Dungeon.
             The game lasted 00:16:06 (2696 turns).

Skanax the Conjurer (Draconian Conjurer)            Turns: 2696, Time: 00:16:07

Health: -5/38      AC:  5    Str: 10    XL:     5   Next: 7%
Magic:  3/9        EV: 12    Int: 16    God:
Gold:   145        SH:  0    Dex: 12    Spells: 3 memorised, 3 levels left

rFire  . . .     SeeInvis .     m - +1 dagger (venom)
rCold  . . .     Gourm    .     (armour unavailable)
rNeg   . . .     Faith    .     (no shield)
rPois  .         Spirit   .     (helmet restricted)
rElec  .         Dismiss  .     (no cloak)
rCorr  +         Reflect  .     (no gloves)
SustAt .         Harm     .     (no boots)
MR     .....                    (no amulet)
Stlth  ++........               (no ring)
                                i - ring of resist corrosion

@: not resistant to hostile enchantments, unstealthy
A: unfitting armour, cold-blooded, AC +5
a: no special abilities


You were on level 3 of the Dungeon.
You were not hungry.

You visited 1 branch of the dungeon, and saw 3 of its levels.

You collected 145 gold pieces.

Inventory:

Hand Weapons
 h - a +0 dagger
 m - a +1 dagger of venom (weapon)
Jewellery
 i - a ring of resist corrosion (left hand)
Scrolls
 d - a scroll of amnesia
 e - a scroll of identify
 n - a scroll of remove curse
 p - 2 scrolls of magic mapping
Potions
 c - 3 potions of flight
Books
 a - a book of Conjurations

   Spells                             Type                      Level
   a - Magic Dart                     Conjuration                  1
   b - Searing Ray                    Conjuration                  2
   c - Dazzling Spray                 Conjuration/Hexes            3
   d - Fulminant Prism                Conjuration/Hexes            4
   e - Iskenderun's Mystic Blast      Conjuration                  4
   f - Iskenderun's Battlesphere      Conjuration/Charms           5
Comestibles
 b - a bread ration
 f - a meat ration
 g - 2 chunks of flesh
 j - a royal jelly
 k - a fruit
 o - a beef jerky


   Skills:
 + Level 0.4 Short Blades
 + Level 2.1 Dodging
 + Level 2.2 Stealth
 + Level 3.3 Spellcasting
 + Level 5.2 Conjurations


You had 3 spell levels left.
You knew the following spells:

 Your Spells              Type           Power        Failure   Level  Hunger
a - Magic Dart            Conj           ###.         1%          1    None
b - Searing Ray           Conj           ###...       3%          2    ##.....
c - Iskenderun's Mystic   Conj           ###.....     21%         4    ####...


Dungeon Overview and Level Annotations

Branches:
Dungeon (3/15)

Altars:
Ru
Uskayaw


Innate Abilities, Weirdness & Mutations

Your plain brown scales are hard. (AC +5)
Your body does not fit into most forms of armour.
You are cold-blooded and may be slowed by cold attacks.


Message History

You see here a worm corpse.
You butcher the worm corpse.
g - 2 chunks of flesh A centaur comes into view.
The centaur shouts!
The centaur wields a shortbow.
The centaur shoots an arrow.
The arrow completely misses you.
The centaur shoots an arrow.
The arrow hits you!
You see here an arrow.
The centaur shoots an arrow.
The arrow hits you!
Casting: Magic Dart
Confirm with . or Enter, or press ? or * to list all spells.
Aiming: Magic Dart
Press: ? - help, Shift-Dir - straight line, f - centaur
Aim: a centaur, wielding a shortbow The magic dart hits the centaur.
The centaur shoots an arrow.
The arrow hits you!
* * * LOW HITPOINT WARNING * * *
The centaur shoots an arrow.
The arrow hits you!
You die...

#........###............#
#.........####..........#
#.........## #..........#
#..........# #..........#
#......(.#.###..).......#####
#
#........#..##..........'....
#
###########.##..c.......#####
# #.....#.....#######
###########.....@(....#
'....)........(.......#
...###+###....<.[.....# #..#
*,* #............#
#..#**,**#......#.....#
#..+,,_*##......'.>...#
...#**,*##......####### ##.#
*,* #..##### #.#**+**#..#


You could see a centaur.

Vanquished Creatures
  An orc priest (D:3)
  An orc wizard (D:3)
  An adder (D:2)
  2 worms
  A dart slug (D:2)
  A giant gecko (D:1)
  4 orcs (D:3)
  7 bats
  8 giant cockroaches
  5 goblins
  6 hobgoblins
  3 jackals (D:3)
  3 quokkas
  3 ball pythons
  6 giant newts
  7 kobolds
  6 rats
65 creatures vanquished.

Notes
Turn   | Place    | Note
--------------------------------------------------------------
     0 | D:1      | Skanax the Draconian Conjurer began the quest for the Orb.
     0 | D:1      | Reached XP level 1. HP: 14/14 MP: 3/3
   259 | D:1      | Reached XP level 2. HP: 20/20 MP: 1/5
  1050 | D:2      | Reached XP level 3. HP: 26/26 MP: 0/6
  1054 | D:2      | Learned a level 2 spell: Searing Ray
  1211 | D:2      | Found a sacrificial altar of Ru.
  1932 | D:3      | Reached skill level 5 in Conjurations
  1933 | D:3      | Reached XP level 4. HP: 30/33 MP: 0/7
  1962 | D:3      | Found a hide-covered altar of Uskayaw.
  2151 | D:3      | Learned a level 4 spell: Iskenderun's Mystic Blast
  2358 | D:3      | Reached XP level 5. HP: 3/38 MP: 0/9
  2692 | D:3      | Noticed a centaur
  2696 | D:3      | Shot with an arrow by a centaur

Vault maps used:
D:1:      ncdulo_smallfort
D:2:      nicolae_ru_sacrificial_ziggurat, kennysheep_cross_bottleneck,
          st_stairs_12, minmay_door_square
D:3:      lemuel_doored_altar, old_standard_altar, grunt_decor_resistance

Skill      XL: |  1  2  3  4 |
---------------+-------------+-----
Stealth        | 2 |  2.2
Conjurations   | 5 |  5.2
Spellcasting   | 3 |  3.3
Dodging        | 2 |  2.1
Short Blades   | |  0.4

Action                   |  1- 3 |  4- 6 || total
-------------------------+-------+-------++-------
Melee: Unarmed           |     6 |       ||     6
       Tailslap          |     5 |     2 ||     7
       Dagger            |    24 |    19 ||    43
 Cast: Magic Dart        |    82 |    37 ||   119
       Searing Ray       |     4 |     2 ||     6
  Use: Scroll            |     7 |     2 ||     9
       Potion            |     4 |     1 ||     5
  Eat: Chunk             |     4 |     2 ||     6
       Meat ration       |       |     1 ||     1
Armor: Skin              |    14 |     2 ||    16
Dodge: Dodged            |    26 |    12 ||    38
